Map: Ley Lines

Players

KimChiLoVer - Winner!

  • Race: Terran Terran
  • Spawn Location: 1:00

VOD

Have the link to the VOD?

Description

Time

  • Played on: Aug. 13, 2025, 9:14 p.m.
  • Length: 10:10
Show
View Real Time Build Order
Export as new Build Order

KimChiLoVer Terran - Winner!

Build Orders: Reaper Expand 

Get SALT Encoding   

  12  0:02  SCV  
  12  0:14  SCV  
  12  0:18  Supply Depot  
  12  0:26  SCV  
  12  0:39  SCV  
  12  0:40  Barracks  
  12  0:45  Refinery  
  12  0:51  SCV  
  12  1:03  SCV  
  12  1:16  SCV  
  12  1:28  Orbital Command  
  12  1:29  Reaper  
  12  1:40  Command Center  
  12  1:50  Supply Depot  
  12  1:54  SCV  
  12  2:01  Marine  
  12  2:06  Factory, SCV  
  12  2:10  Refinery  
  12  2:19  SCV  
  12  2:22  Barracks Reactor  
  12  2:31  SCV  
  12  2:38  Barracks  
  12  2:40  Barracks  
  12  2:43  SCV  
  12  2:51  Factory Tech Lab  
  12  2:55  Orbital Command, SCV  
  12  2:59  Marine  
  12  3:02  Marine  
  12  3:07  SCV  
  12  3:21  Marine x2  
  12  3:25  SCV  
  12  3:27  SCV  
  12  3:34  Command Center  
  12  3:39  Stimpack  
  12  3:40  Marine  
  12  3:42  SCV  
  12  3:44  SCV  
  12  3:53  Starport, Factory Reactor  
  12  4:06  Engineering Bay  
  12  4:07  Engineering Bay  
  12  4:12  Marine x2  
  12  4:18  Barracks  
  12  4:20  Barracks  
  12  4:21  Supply Depot  
  12  4:23  SCV  
  12  4:26  SCV  
  12  4:29  Barracks Tech Lab  
  12  4:38  SCV  
  12  4:40  Supply Depot  
  12  4:41  Medivac  
  12  4:45  Medivac  
  12  4:46  Factory Tech Lab  
  12  4:50  SCV  
  12  4:54  Terran Infantry Weapons Level 1  
  12  4:55  Terran Infantry Armor Level 1  
  12  5:00  Orbital Command  
  12  5:03  Marine  
  12  5:05  SCV  
  12  5:09  Barracks Reactor, Barracks Tech Lab  
  12  5:10  Marine  
  12  5:15  Supply Depot  
  12  5:20  Armory  
  12  5:21  Marine  
  12  5:24  Combat Shield  
  12  5:33  Concussive Shells  
  12  5:35  Marine x4  
  12  5:39  Marine  
  12  5:41  SCV x2  
  12  5:42  Orbital Command  
  12  5:48  Refinery  
  12  5:49  Refinery  
  12  5:52  Marine x2  
  12  5:53  Marine, SCV  
  12  5:54  Marine x3  
  12  5:57  Marine  
  12  6:01  Viking  
  12  6:03  SCV  
  12  6:05  SCV  
  12  6:10  Marine, SCV  
  12  6:15  SCV  
  12  6:17  SCV  
  12  6:22  SCV  
  12  6:23  Supply Depot  
  12  6:25  Supply Depot  
  12  6:27  SCV  
  12  6:30  SCV  
  12  6:32  Supply Depot  
  12  6:34  SCV  
  12  6:40  Barracks x3  
  12  6:42  SCV x2  
  12  6:46  Siege Tank  
  12  6:47  Medivac  
  12  6:49  Terran Infantry Weapons Level 2  
  12  6:53  Terran Infantry Armor Level 2  
  12  6:57  Terran Vehicle And Ship Armor Level 1  
  12  6:59  Marine  
  12  7:00  Marine x2  
  12  7:02  Marine x2  
  12  7:07  SCV  
  12  7:08  SCV  
  12  7:13  Supply Depot  
  12  7:14  Supply Depot  
  12  7:15  Marine x2  
  12  7:17  Marine x2  
  12  7:20  Viking  
  12  7:23  Siege Tank  
  12  7:26  SCV x2  
  12  7:31  Barracks Tech Lab x2  
  12  7:32  Barracks Reactor  
  12  7:38  Refinery  
  12  7:39  Marine x3, Marauder  
  12  7:40  Marauder  
  12  7:48  Starport  
  12  7:50  SCV  
  12  7:58  Marine x2, Marauder  
  12  8:01  Medivac  
  12  8:02  Command Center  
  12  8:03  Medivac  
  12  8:05  Marine x2  
  12  8:10  Siege Tank  
  12  8:12  SCV  
  12  8:17  Refinery, SCV x2  
  12  8:21  Supply Depot  
  12  8:23  Supply Depot  
  12  8:24  SCV  
  12  8:29  SCV x2  
  12  8:32  Starport Reactor  
  12  8:34  Viking  
  12  8:37  Marine  
  12  8:41  Marine  
  12  8:42  Marine, Viking, Marauder x2  
  12  8:43  Marauder x3  
  12  8:45  Siege Tank  
  12  8:47  SCV x2  
  12  8:53  SCV  
  12  8:57  Marine  
  12  8:58  Marine  
  12  8:59  SCV x2  
  12  9:03  Marauder x2  
  12  9:04  Marauder x2  
  12  9:13  Marine, SCV  
  12  9:21  Orbital Command  
  12  9:24  SCV x2  
  12  9:25  SCV  
  12  9:28  Supply Depot  
  12  9:29  Supply Depot  
  12  9:31  Marine x2, Marauder  
  12  9:36  SCV x2  
  12  9:37  SCV  
  12  9:38  Medivac  
Tags
 
Add a new tag
Caveats
  • Supply blocks, unpowered buildings, or Contaminate may cause inaccurate times.
  • Supply counts are checked every 10 seconds.